 Dungeon Crawl Stone Soup version 0.27-a0-277-g024f7ef292 (webtiles) character file.

Game seed: 7522715859187345095

13654 Nattfarinn the Martial Artist (level 12, -16/97 HPs)
             Began as a Merfolk Transmuter on Feb 7, 2021.
             Was a Priest of Ashenzari.
             Demolished by a phantasmal warrior (36 damage)
             ... led by a death knight
             ... on level 11 of the Dungeon.
             The game lasted 00:44:36 (20488 turns).

Nattfarinn the Martial Artist (Merfolk Transmuter) Turns: 20488, Time: 00:44:37

Health: -16/97     AC:  2    Str: 10    XL:     12   Next: 8%
Magic:  15/15      EV: 30    Int: 16    God:    Ashenzari [***...]
Gold:   917        SH:  0    Dex: 21    Spells: 6/15 levels left

rFire    . . .     SeeInvis +     - Unarmed
rCold    . . .     Faith    .   (shield currently unavailable)
rNeg     . . .     Spirit   .   (armour currently unavailable)
rPois    x         Reflect  .   (helmet currently unavailable)
rElec    .         Harm     .   (cloak currently unavailable)
rCorr    .         Rampage  .   (gloves currently unavailable)
Will     .....                  (boots currently unavailable)
Stlth    ++........             (no amulet)
HPRegen  0.26/turn              q - ring of wizardry (curse)
MPRegen  0.14/turn              L - ring of willpower (curse)

@: spider-form, weak-willed
A: tiny, (change form in water), (swift swim), (stealthy swim)
a: End Transformation, Renounce Religion, Curse Item, Scrying


You were on level 11 of the Dungeon.
You worshipped Ashenzari.
Ashenzari was most pleased with you.
You were a venomous arachnid creature.
You visited 1 branch of the dungeon, and saw 11 of its levels.
You also visited: Sewer and Bailey.

You collected 1429 gold pieces.
You spent 512 gold pieces at shops.

Inventory:

Hand Weapons
 w - a +0 halberd of venom
 G - a cursed +3 dagger of venom (melded)
Missiles
 b - 72 poisoned darts (quivered)
 M - 6 javelins
Armour
 a - a +0 robe
 c - a +0 pair of gloves
 o - a cursed +2 robe of positive energy (melded)
 p - a +0 buckler (melded)
 x - a cursed scarf of repulsion (melded)
 B - the cursed +0 pair of gloves of the True Pharaoh (melded) {Int+4}
   (You bought it in a shop on level 5 of the Dungeon)

   It affects your intelligence (+4).
   It has a curse placed upon it.
 J - a cursed +2 helmet (melded)
 S - the +2 chain mail of Shadows and Fog {Will++}
   (You bought it in a shop on level 5 of the Dungeon)

   It affects your willpower, your defense against some magical effects.
Jewellery
 q - a cursed ring of wizardry (left front leg)
 t - an uncursed ring of flight
 v - an uncursed ring of ice
 K - an uncursed amulet of faith
 L - a cursed ring of willpower (right front leg)
 U - an uncursed ring of wizardry
 V - an uncursed ring of ice
Wands
 r - a wand of iceblast (19)
 C - a wand of flame (9)
 D - a wand of charming (8)
 R - a wand of random effects (16)
Scrolls
 l - 4 scrolls of magic mapping
 s - a scroll of fear
 u - 2 scrolls of amnesia {unknown}
 y - 2 scrolls of fog
 z - 3 scrolls of noise
 A - a scroll of enchant armour {unknown}
 E - a scroll of torment {unknown}
 H - a scroll of silence {unknown}
 O - 2 scrolls of random uselessness {unknown}
 P - 2 scrolls of identify
 Q - a scroll of immolation {unknown}
 T - a scroll of enchant weapon
Potions
 d - 3 potions of curing
 e - 2 potions of lignification {unknown}
 g - 3 potions of heal wounds {unknown}
 h - a potion of attraction {unknown}
 i - a potion of berserk rage {unknown}
 j - 3 potions of brilliance {unknown}
 k - a potion of ambrosia {unknown}
 m - 4 potions of degeneration {unknown}
 F - 3 potions of haste {unknown}
 I - 4 potions of flight
 N - 2 potions of might {unknown}


   Skills:
 + Level 10.0 Fighting
 - Level 6.6(8.5) Dodging
 - Level 4.0 Shields
 * Level 13.8 Unarmed Combat
 - Level 2.0 Spellcasting
 + Level 11.9(13.5) Transmutations


You had 6 spell levels left.
You knew the following spells:

 Your Spells              Type           Power        Failure   Level
a - Beastly Appendage     Tmut           90%          1%          1
b - Spider Form           Tmut/Pois      11%          4%          3
c - Blade Hands           Tmut           22%          3%          5

Your spell library contained the following spells:

 Spells                   Type           Power        Failure   Level
 Wereblood                Tmut           45%          1%          2
 Ice Form                 Ice/Tmut       23%          12%         4


Dungeon Overview and Level Annotations

Branches:
Dungeon (11/15)            Temple (0/1) D:4            Lair (0/6) D:10
    Orc (0/2) D:10          Sewer (visited)          Bailey (visited)

Altars:
Ashenzari
Dithmenos
Fedhas
Makhleb
Nemelex Xobeh
Ru
Sif Muna
Trog
Wu Jian
Zin
Lugonu

Shops:
D:5 [   D:6 (

Portals:
Trove: D:10 (show abyssal rune of Zot)

Annotations:
D:8 exclusions: obsidian statue and orange crystal statue


Message History

The death knight is heavily wounded.
The phantasmal warrior closely misses you.
The death knight closely misses you.
The phantasmal warrior barely misses you.
The phantasmal warrior blinks!
The phantasmal warrior misses you.
The phantasmal warrior completely misses you.
The phantasmal warrior blinks!
The phantasmal warrior blinks! x2
As you read the scroll of fear, it crumbles to dust.
You assume a fearsome visage.
The death knight looks frightened!
The phantasmal warrior is unaffected. x2
The death knight offers itself to Yredelemnul, and fills with unholy energy.
The phantasmal warrior barely misses you.
The death knight reflects your damage back at you!
The phantasmal warrior blinks!
The phantasmal warrior hits you!
* * * LOW HITPOINT WARNING * * *
The death knight reflects your damage back at you!
The phantasmal warrior blinks!
The phantasmal warrior hits you!!!
You die...

.#....#.......#....#.........#
.##..##..##...#....##...##...#
###..##..##...#....##...##'###
......#.......#....#....##..##
......'.......#....#.........#
.###.##+###..##..§.##...##...#
####.##..##..##..W.#######...#
.........#....#.........##..##
.........'....#Ws.......##..##
.........#....#..............#
..##.....##..##..[...........#
####.....##..##§...##...##...#
.........#...##....##...##...#
.........'...##....##....#...#
####.....##..##.....'....'...#
# ##§§.####..##...p##...##..##
###..§§§###..##....###########


You could see a death knight (reflects damage, fleeing, very poisoned) and 2
phantasmal warriors.

Vanquished Creatures
  Gastronok (D:8)
  Fannar (D:11)
  Erica (D:8)
  Pikel (D:7)
  An ugly thing (D:11)
  Maurice (D:9)
  Maggie (D:10)
  A gargoyle (D:10)
  3 kobold demonologists (D:10)
  A troll (D:10)
  A hornet (D:7)
  8 yaks
  2 wyverns
  A wraith (D:10)
  4 vampire mosquitoes (D:10)
  3 sky beasts
  An ice beast (D:9)
  A necrophage (D:9)
  2 ogres
  7 orc warriors
  4 centaurs
  2 wolves (D:10)
  4 lemures (D:7)
  2 phantoms
  A big kobold (D:10)
  6 bullfrogs
  A scorpion (D:11)
  6 killer bees
  17 wights
  3 electric eels (D:10)
  5 howler monkeys
  A centaur zombie (D:11)
  2 quasits
  A jelly (D:7)
  A bullfrog skeleton (D:7)
  10 orc priests
  2 centaur skeletons
  5 hounds
  A gnoll shaman (D:5)
  13 orc wizards
  5 iguanas
  10 worker ants
  A killer bee zombie (D:9)
  A hound zombie (D:9)
  A hound skeleton (D:7)
  A worker ant zombie (D:6)
  22 gnolls
  13 adders
  2 river rats (D:4)
  A shadow imp (D:5)
  3 white imps
  An ufetubus (D:6)
  10 oozes
  An adder zombie (D:9)
  5 worms
  8 leopard geckos
  31 orcs
  9 bats
  16 giant cockroaches
  11 goblins
  19 hobgoblins
  18 jackals
  A quokka (D:2)
  14 ball pythons (Sewer)
  12 frilled lizards
  21 kobolds
  3 leopard gecko skeletons
  A quokka skeleton (D:5)
  10 rats
380 creatures vanquished.

Vanquished Creatures (others)
  10 demonic plants (D:10)
  6 plants (D:10)
16 creatures vanquished.

Grand Total: 396 creatures vanquished

Notes
Turn   | Place    | Note
-------+----------+-------------------------------------------
     0 | D:1      | Nattfarinn the Merfolk Transmuter began the quest for the
                  | Orb.
     0 | D:1      | Reached XP level 1. HP: 15/15 MP: 3/3
   314 | D:1      | Reached XP level 2. HP: 21/21 MP: 5/5
   872 | D:1      | Reached XP level 3. HP: 23/27 MP: 6/6
  1047 | D:2      | Reached skill level 4 in Unarmed Combat
  1570 | D:2      | Learned a level 3 spell: Spider Form
  1642 | D:2      | Reached XP level 4. HP: 33/33 MP: 7/7
  1868 | D:2      | Found a sacrificial altar of Ru.
  1874 | D:2      | Found an ornate altar of the Wu Jian Council.
  1874 | D:2      | Found a shimmering blue altar of Sif Muna.
  1907 | D:2      | Found a glowing silver altar of Zin.
  1909 | D:2      | Found a broken altar of Ashenzari.
  1911 | D:2      | Found a sparkling altar of Nemelex Xobeh.
  1919 | D:2      | Became a worshipper of Ashenzari the Shackled
  2869 | D:2      | Reached XP level 5. HP: 38/39 MP: 6/8
  3710 | D:2      | Reached skill level 5 in Unarmed Combat
  3943 | D:3      | Reached XP level 6. HP: 45/45 MP: 5/9
  4177 | D:4      | Found a glowing drain.
  4210 | Sewer    | Entered a sewer
  5068 | Sewer    | Reached skill level 5 in Transmutations
  5068 | Sewer    | Reached XP level 7. HP: 18/52 MP: 7/10
  5069 | Sewer    | Reached skill level 5 in Dodging
  5069 | Sewer    | Reached skill level 6 in Unarmed Combat
  5551 | D:4      | Found a staircase to the Ecumenical Temple.
  6306 | D:5      | Entered Level 5 of the Dungeon
  6544 | D:5      | Found a blossoming altar of Fedhas.
  7004 | D:5      | Found Becahasm's Antique Armour Emporium.
  7057 | D:5      | Reached skill level 7 in Unarmed Combat
  7057 | D:5      | Reached XP level 8. HP: 38/61 MP: 8/11
  7359 | D:5      | Bought a pair of bloodstained gloves for 256 gold pieces
  7369 | D:5      | Identified the cursed +0 pair of gloves of the True Pharaoh
                  | {Int+4} (You bought it in a shop on level 5 of the Dungeon)
  7809 | D:6      | Found Kuoceiho's Weapon Shop.
  8164 | D:6      | Reached * piety under Ashenzari
  8184 | D:6      | Reached skill level 5 in Fighting
  8584 | D:6      | Reached skill level 8 in Unarmed Combat
  9105 | D:7      | Reached skill level 1 in Shields
  9146 | D:7      | Reached XP level 9. HP: 41/68 MP: 8/12
  9383 | D:7      | Noticed Pikel
  9489 | D:7      | Found a bloodstained altar of Trog.
  9595 | D:7      | Killed Pikel
  9639 | D:7      | Noticed a hornet
  9645 | D:7      | Killed a hornet
  9646 | D:7      | Reached skill level 9 in Unarmed Combat
 10976 | D:8      | Reached skill level 10 in Unarmed Combat
 10976 | D:8      | Reached XP level 10. HP: 71/77 MP: 11/13
 11187 | D:8      | Noticed an obsidian statue
 11424 | D:8      | Noticed an orange crystal statue
 11958 | D:9      | Noticed Gastronok
 11963 | D:9      | HP: 1/79 [orc priest/divine providence (12)]
 12949 | D:7      | Learned a level 5 spell: Blade Hands
 13075 | D:8      | Killed Gastronok
 13076 | D:8      | Reached skill level 11 in Unarmed Combat
 13217 | D:9      | Noticed Erica
 13694 | D:8      | Killed Erica
 13695 | D:8      | Reached skill level 10 in Transmutations
 13695 | D:8      | Reached XP level 11. HP: 73/87 MP: 9/14
 13841 | D:9      | Reached skill level 12 in Unarmed Combat
 14151 | D:10     | Entered Level 10 of the Dungeon
 14466 | D:10     | Found a portal to a secret trove of treasure.
 14692 | D:10     | Found a staircase to the Orcish Mines.
 14766 | D:10     | Reached ** piety under Ashenzari
 14927 | D:10     | Found a burning altar of Makhleb.
 14935 | D:10     | Noticed a soul eater
 15111 | D:10     | Noticed Maggie
 15123 | D:10     | Killed Maggie
 16006 | D:10     | Found a corrupted altar of Lugonu.
 16120 | D:10     | Found a staircase to the Lair.
 16694 | D:9      | Reached skill level 13 in Unarmed Combat
 17353 | D:9      | Reached *** piety under Ashenzari
 17484 | D:9      | Noticed Maurice
 17594 | D:9      | Killed Maurice
 17766 | D:11     | Found a shadowy altar of Dithmenos.
 17997 | D:11     | Found a flagged portal.
 18022 | Bailey   | Entered a bailey
 18894 | D:5      | Bought a transparent chain mail for 256 gold pieces
 18894 | D:5      | Identified the +2 chain mail of Shadows and Fog {Will++}
                  | (You bought it in a shop on level 5 of the Dungeon)
 19416 | D:11     | Noticed Fannar
 19426 | D:11     | Killed Fannar
 19427 | D:11     | Reached XP level 12. HP: 48/97 MP: 9/15
 19762 | D:11     | Noticed a death knight
 20149 | D:11     | Reached skill level 10 in Fighting
 20488 | D:11     | Demolished by a phantasmal warrior

Illustrated notes

Levels and vault maps discovered:
D:1:      wander_arrival_lonely_grave, layout_loops_ring
D:2:      layout_loops_corners, grunt_temple_overflow_open, minmay_pentomino_w2
D:3:      layout_basic
D:4:      layout_loops_ring, minmay_temple_entry_statues_pillars,
          gup_sewer_entry_bubbles
D:5:      layout_loops_ring, serial_shops, nicolae_shop_trees,
          fedhas_bush_and_centaur_altar
D:6:      layout_rooms, serial_shops, nicolae_shop_stone
D:7:      layout_cave_pools, basic_altar, uniq_pikel
D:8:      minmay_separated_statues, layout_basic
D:9:      layout_irregular_city, uniq_erica, uniq_gastronok, uniq_maurice
D:10:     kennysheep_kobold_lugonu_temple, layout_layer_cave, erik_lair_island,
          orc_0_dummy, enter_trove_2, bloody_makhleb, uniq_maggie
D:11:     layout_gridville, enter_bailey_5, nicolae_dithmenos_the_darkroom,
          uniq_fannar

Skill      XL: |  1  2  3  4  5  6  7  8  9 10 11 12 |
---------------+-------------------------------------+-----
Dodging        | 3 4 5 6 |  6.6
Transmutations | 3 4 5 7 8 10 11 | 11.9
Unarmed Combat | 4 5 7 8 10 11 13 | 13.8
Fighting       | 2 3 4 5 6 8 9 10 | 10.0
Shields        | 1 4 |  4.0
Spellcasting   | |  2.0

Action                   |  1- 3 |  4- 6 |  7- 9 | 10-12 || total
-------------------------+-------+-------+-------+-------++-------
Melee: Unarmed           |    63 |   324 |   276 |   299 ||   962
       Headbutt          |     1 |    24 |       |       ||    25
       Punch             |       |     7 |       |     6 ||    13
       Tailslap          |       |     6 |       |     3 ||     9
       Halberd           |       |       |    72 |       ||    72
       Dagger            |       |       |    31 |   197 ||   228
Throw: Dart              |    70 |    16 |       |       ||    86
       Javelin           |       |       |       |     4 ||     4
 Cast: Beastly Appendage |     5 |    24 |       |       ||    29
       Spider Form       |       |    11 |    39 |    13 ||    63
       Blade Hands       |       |       |       |    35 ||    35
Invok: Curse Item        |       |       |     2 |     4 ||     6
  Use: Scroll            |       |       |       |    17 ||    17
       Potion            |       |       |       |     2 ||     2
 Stab: Sleeping          |       |     2 |     5 |       ||     7
Armor: Robe              |    15 |    52 |    26 |    54 ||   147
       Skin              |       |     8 |     6 |     4 ||    18
Dodge: Dodged            |    47 |   326 |   384 |   376 ||  1133
       Repelled          |       |       |     2 |     1 ||     3
Block: Buckler           |       |       |     7 |    45 ||    52

Table legend: (Time is in decaauts)
 A = Elapsed time spent in this place.
 B = Non-inter-level travel time spent in this place.
 C = Inter-level travel time spent in this place.
 D = Time resting spent in this place.
 E = Time spent auto-exploring this place.
 F = Levels seen in this place.
 G = Mean time per level.
                   A        B        C        D        E       F      G
               +--------+--------+--------+--------+--------+-----+--------+
         Total |  20329 |  19452 |    877 |   8145 |   8236 |  13 | 1563.8 |
       Dungeon |  18808 |  17931 |    877 |   7495 |   7833 |  11 | 1709.8 |
         Sewer |   1048 |   1048 |      0 |    605 |    197 |   1 | 1048.0 |
        Bailey |    473 |    473 |      0 |     45 |    205 |   1 |  473.0 |
               +--------+--------+--------+--------+--------+-----+--------+

Top non-repeatable levels by time:
    D:10: 2714 daAuts
     D:7: 2378 daAuts
     D:8: 2202 daAuts
     D:2: 1872 daAuts
    D:11: 1806 daAuts
     D:5: 1711 daAuts
     D:9: 1639 daAuts
     D:1: 1262 daAuts
     D:6: 1202 daAuts
   Sewer: 1048 daAuts
     D:4: 1033 daAuts
     D:3: 984 daAuts
  Bailey: 473 daAuts
